 Dungeon Crawl Stone Soup version 0.26-a0-30-g56b8cd3df0 (webtiles) character file.

Game seed: 8507312867898641599, levelgen mode: deterministic

0 vurker the Grave Robber (level 1, 0/13 HPs)
             Began as a Demonspawn Necromancer on June 3, 2020.
             Killed from afar by a dart slug (5 damage)
             ... with a slug dart
             ... on level 1 of the Dungeon.
             The game lasted 00:00:08 (75 turns).

vurker the Grave Robber (Demonspawn Necromancer)      Turns: 75, Time: 00:00:09

Health: 0/13       AC:  2    Str:  8    XL:     1   Next: 8%
Magic:  0/3        EV: 12    Int: 16    God:
Gold:   0          SH:  0    Dex: 13    Spells: 3/4 levels left

rFire    . . .     SeeInvis .   (no weapon)
rCold    . . .     Gourm    .   (no shield)
rNeg     . . .     Faith    .   a - +0 robe
rPois    .         Spirit   .   (no helmet)
rElec    .         Reflect  .   (no cloak)
rCorr    .         Harm     .   (no gloves)
MR       .....                  (no boots)
Stlth    ++........             (no amulet)
HPRegen  0.04/turn              (no ring)
MPRegen  0.08/turn              (no ring)

@: no status effects
A: no striking features
a: no special abilities


You were on level 1 of the Dungeon.
You were not hungry.

You visited 1 branch of the dungeon, and saw 1 of its levels.

Inventory:

Armour
 a - a +0 robe (worn)
Scrolls
 b - a scroll of teleportation {unknown}
 c - a scroll of identify {unknown}
Comestibles
 d - a chunk of flesh
 e - a ration


   Skills:
 + Level 0.0 Fighting
 - Level 1.7 Dodging
 - Level 1.7 Stealth
 * Level 2.0 Spellcasting
 * Level 4.4 Necromancy


You had 3 spell levels left.
You knew the following spells:

 Your Spells              Type           Power        Failure   Level  Hunger
a - Pain                  Necr           ###.         3%          1    #......

Your spell library contained the following spells:

 Spells                   Type           Power        Failure   Level  Hunger
 Animate Skeleton         Necr           N/A          3%          1    #......
 Vampiric Draining        Necr           ###.......   11%         3    ###....
 Animate Dead             Necr           N/A          34%         4    #####..
 Agony                    Necr           ###.....     67%         5    ######.


Dungeon Overview and Level Annotations

Branches:
Dungeon (1/15)

Altars:


Message History

Welcome, vurker the Demonspawn Necromancer.
Will you be the one to retrieve the fabled Orb of Zot from the depths?
Found a staircase leading out of the dungeon.
You open the door.
There is an open door here.
Found a scroll labeled QOED PUUMOMN.
b - a scroll labeled QOED PUUMOMN
Found a stone staircase leading down.
Found a scroll labeled MAAQIM TOPUILE.
A frilled lizard comes into view.
A frilled lizard is nearby!
A frilled lizard is nearby!
Aim: a frilled lizard (asleep, chance to defeat MR: 85%)
The frilled lizard writhes in agony.
You kill the frilled lizard!
You can't see any susceptible monsters within range! (Use Z to cast anyway.)
You can't see any susceptible monsters within range! (Use Z to cast anyway.)
c - a scroll labeled MAAQIM TOPUILE You butcher the frilled lizard corpse.
d - a chunk of flesh You see here a frilled lizard skeleton. x2
A kobold comes into view.
A kobold is nearby!
A kobold is nearby!
A dart slug comes into view.
Aim: a dart slug (chance to defeat MR: 85%)
The dart slug barely resists.
The dart slug launches a dart at you. The slug dart hits you.
Aim: a dart slug (chance to defeat MR: 85%)
The dart slug writhes in agony.
The dart slug launches a dart at you. The slug dart hits you.
* * * LOW HITPOINT WARNING * * *
Aim: a dart slug (severely wounded, chance to defeat MR: 85%)
The dart slug writhes in agony.
The kobold shouts!
You don't have enough magic to cast that spell.
The dart slug launches a dart at you. The slug dart hits you.
You die...

.......#######.#
..รท..........#.#
.#####....##.#.#
..####....##.#.###.###
......................
..####.#####.#.###.##
..# #.# #.#.# .^# #.#
#.#.###### ..# #.#
#.#..@.w.# .... ...
..+......+ .#####.
#.#......# ..
+.+......# #.#.K....#
#......# #......#
........


You could see a dart slug and a kobold.

Vanquished Creatures
  A frilled lizard (D:1)
1 creature vanquished.

Notes
Turn   | Place    | Note
-------+----------+-------------------------------------------
     0 | D:1      | vurker the Demonspawn Necromancer began the quest for the
                  | Orb.
     0 | D:1      | Reached XP level 1. HP: 13/13 MP: 3/3
    75 | D:1      | Killed from afar by a dart slug

Illustrated notes

Levels and vault maps discovered:
D:1:      dpeg_arrival_court, layout_basic, amethyst_killhole, xom_teletrap_fun

Action                   || total
-------------------------++-------
 Cast: Pain              ||     4

Table legend:
 A = Non-vault XP
 B = Vault XP
 C = Vault XP percentage of total XP
 D = Non-vault monster count
 E = Vault monster count
 F = Vault count percentage of total count
                 A         B        C        D         E       F
            +---------+---------+-------+---------+---------+-------
      Total |       1 |       0 |   0.0 |       1 |       0 |   0.0
            +---------+---------+-------+---------+---------+-------
        D:1 |       1 |       0 |   0.0 |       1 |       0 |   0.0
            +---------+---------+-------+---------+---------+-------
